 Dungeon Crawl Stone Soup version 0.27.1-15-g792fb953b9 (webtiles) character file.

Game seed: 10656765386442206913

1 ces the Magician (level 1, -1/13 HPs)
             Began as a Palentonga Hedge Wizard on Nov 19, 2021.
             Slain by an endoplasm (2 damage)
             ... on level 1 of the Dungeon.
             The game lasted 00:00:14 (61 turns).

ces the Magician (Palentonga Hedge Wizard)            Turns: 61, Time: 00:00:15

Health: -1/13      AC:  4    Str: 13    XL:     1   Next: 16%
Magic:  4/4        EV:  9    Int: 14    God:
Gold:   8          SH:  0    Dex:  9    Spells: 5/6 levels left

rFire    . . .     SeeInvis +   a - +0 dagger
rCold    . . .     Faith    .   (no shield)
rNeg     . . .     Spirit   .   b - +0 robe
rPois    .         Reflect  .   c - +0 hat
rElec    .         Harm     .   (no cloak)
rCorr    .         Rampage  .   (no gloves)
Will     .....                  (no barding)
Stlth    +.........             (no amulet)
HPRegen  0.04/turn              (no ring)
MPRegen  0.09/turn              (no ring)

@: no status effects
A: large, rugged brown scales 3, see invisible, deformed body, roll 1, armoured
tail
a: Rolling Charge


You were on level 1 of the Dungeon.
You visited 1 branch of the dungeon, and saw 1 of its levels.

You collected 8 gold pieces.

Inventory:

Hand Weapons
 a - a +0 dagger (weapon)
Armour
 b - a +0 robe (worn)
 c - a +0 hat (worn)


   Skills:
 + Level 1.5 Dodging
 + Level 1.2 Stealth
 + Level 3.0 Spellcasting
 + Level 0.8 Conjurations
 + Level 0.7 Summonings
 + Level 1.0 Translocations


You had 5 spell levels left.
You knew the following spells:

 Your Spells              Type           Power      Damage    Failure   Level
a - Magic Dart            Conj           16%        1d3       16%         1

Your spell library contained the following spells:

 Spells                   Type           Power      Damage    Failure   Level
 Blink                    Tloc           N/A        N/A       22%         2
 Call Imp                 Summ           4%         N/A       24%         2
 Slow                     Hex            2%         N/A       32%         2
 Conjure Flame            Conj/Fire      3%         6-21      47%         3
 Mephitic Cloud           Conj/Pois/Air  2%         N/A       50%         3


Dungeon Overview and Level Annotations

Branches:
Dungeon (1/15)

Altars:


Innate Abilities, Weirdness & Mutations

You are completely covered in rugged brown scales. (AC +3, +7% HP)
You have supernaturally acute eyesight. (SInv)
Armour fits poorly on your strangely shaped body.
You can roll at nearby foes to attack.
You have a long armoured tail.


Message History

The goblin closely misses you.
You hit the goblin but do no damage.
The goblin is heavily wounded.
The goblin barely misses you.
You hit the goblin but do no damage.
Your tail-slap misses the goblin.
The goblin is heavily wounded.
The goblin closely misses you. The endoplasm barely misses you.
You closely miss the goblin.
The goblin is heavily wounded.
The goblin completely misses you. The endoplasm hits you.
You closely miss the goblin.
The goblin is heavily wounded.
The goblin completely misses you.
A goblin comes into view. It is wielding a +0 dagger.
The endoplasm freezes you.
You are frozen.
You miss the goblin.
The goblin is heavily wounded.
The goblin hits you with a +0 club. The dart slug bites you.
The endoplasm hits you but does no damage.
There's nothing you can charge at!
You hit the goblin.
You kill the goblin!
The endoplasm hits you.
You hit the dart slug.
The dart slug is moderately wounded.
The dart slug launches a dart at you.
The slug dart hits you but does no damage.
The endoplasm hits you.
* * * LOW HITPOINT WARNING * * *
You aren't carrying any potions.
You hit the dart slug but do no damage.
The dart slug is moderately wounded.
The dart slug bites you but does no damage.
The endoplasm hits you.
* * * LOW HITPOINT WARNING * * *
You hit the dart slug.
The dart slug is heavily wounded.
The endoplasm hits you.
You die...

##....... . .........
### #. ..?...... ..##
#.## #........ ..# ...
#........ #.#
#.##........ ##.### ###
#..w)J...... ##....###.#
#...@....... ...#...'.##
#...........
#.###.#########...#...##
#.# #.# #...........#
..# #.## ##............
.####..### ####.......##
.###..#..## #....##....
..##.####.# ##....# ####
#.....# #.###.....#


You could see a dart slug and an endoplasm.

Vanquished Creatures
  A goblin (D:1)
1 creature vanquished.

Notes
Turn   | Place    | Note
-------+----------+-------------------------------------------
     0 | D:1      | ces the Palentonga Hedge Wizard began the quest for the
                  | Orb.
     0 | D:1      | Reached XP level 1. HP: 13/13 MP: 4/4
    61 | D:1      | Slain by an endoplasm

Illustrated notes

Levels and vault maps discovered:
D:1:      dpeg_arrival_round_a, layout_rooms

Action                   || total
-------------------------++-------
Melee: Dagger            ||    11
Armor: Robe              ||     5
Dodge: Dodged            ||     6
